 Dungeon Crawl Stone Soup version 0.26-a0-489-g112e8ad46e (webtiles) character file.

Game seed: 42401857406869209

16 Flugkiller the Chucker (level 2, 0/23 HPs)
             Began as a Draconian Arcane Marksman on Aug 2, 2020.
             Succumbed to a kobold's poison
             ... on level 1 of the Dungeon.
             The game lasted 00:01:22 (839 turns).

Flugkiller the Chucker (Draconian Arcane Marksman)   Turns: 839, Time: 00:01:23

Health: 0/23       AC:  4    Str: 12    XL:     2   Next: 37%
Magic:  3/3        EV: 12    Int: 13    God:
Gold:   16         SH:  0    Dex: 11    Spells: 2/3 levels left

rFire    + . .     SeeInvis .   a - +0 club
rCold    + . .     Faith    .   (no shield)
rNeg     . . .     Spirit   .   (armour unavailable)
rPois    +         Reflect  .   (helmet restricted)
rElec    +         Harm     .   (no cloak)
rCorr    +                      (no gloves)
MR       .....                  (no boots)
Stlth    +.........             (no amulet)
HPRegen  0.07/turn              (no ring)
MPRegen  0.08/turn              (no ring)

@: lethally poisoned (0 -> -8), resistant
A: unfitting armour, cold-blooded, AC +4
a: no special abilities


You were on level 1 of the Dungeon.
You visited 1 branch of the dungeon, and saw 1 of its levels.

You collected 16 gold pieces.

Inventory:

Hand Weapons
 a - a +0 club (weapon)
   (You took it off a goblin on level 1 of the Dungeon)
Missiles
 b - a javelin (quivered)
 c - 2 throwing nets
 e - 9 stones
Scrolls
 d - a scroll of immolation {unknown}
 f - 2 scrolls of remove curse {unknown}


   Skills:
 - Level 1.1 Fighting
 + Level 2.8 Throwing
 - Level 1.7 Dodging
 - Level 1.0 Spellcasting
 - Level 2.6 Hexes


You had 2 spell levels left.
You knew the following spells:

 Your Spells              Type           Power        Failure   Level
a - Corona                Hex            #......      10%         1

Your spell library contained the following spells:

 Spells                   Type           Power        Failure   Level
 Slow                     Hex            #.......     14%         2
 Inner Flame              Hex/Fire       #.......     43%         3
 Portal Projectile        Hex/Tloc       #.....       43%         3
 Cause Fear               Hex            #.........   67%         4
 Leda's Liquefaction      Hex/Erth       #.........   85%         4


Dungeon Overview and Level Annotations

Branches:
Dungeon (1/15)

Altars:


Innate Abilities, Weirdness & Mutations

Your plain brown scales are hard. (AC +4)
You cannot fit into any form of body armour.
You are cold-blooded and may be slowed by cold attacks.


Message History

Unknown command.
* * * LOW HITPOINT WARNING * * *
You feel sick.
Quiver which item? (- for none, * to show all) (? for menu, Esc to quit)
Okay, then.
Throwing (i - inventory. (/) - cycle)
b - 5 javelins (quivered)
Press: ? - help, Shift-Dir - straight line, f - kobold
Aim: a kobold, wielding a +2 dagger of venom You throw a javelin.
The javelin closely misses the kobold.
* * * LOW HITPOINT WARNING * * *
You feel sick. The kobold barely misses you.
Throwing (i - inventory. (/) - cycle)
b - 4 javelins (quivered)
Press: ? - help, Shift-Dir - straight line, f/p - kobold
Aim: a kobold, wielding a +2 dagger of venom You throw a javelin.
The javelin pierces through the kobold.
The kobold is severely wounded.
The kobold hits you but does no damage.
You are lethally poisoned!
Throwing (i - inventory. (/) - cycle)
b - 3 javelins (quivered)
Press: ? - help, Shift-Dir - straight line, f/p - kobold
Aim: a kobold, wielding a +2 dagger of venom (severely wounded)
You throw a javelin. The javelin closely misses the kobold.
* * * LOW HITPOINT WARNING * * *
You feel sick. The kobold closely misses you. x2
Throwing (i - inventory. (/) - cycle)
b - 2 javelins (quivered)
Press: ? - help, Shift-Dir - straight line, f/p - kobold
Aim: a kobold, wielding a +2 dagger of venom (heavily wounded)
You throw a javelin. The javelin pierces through the kobold!
You kill the kobold!
* * * LOW HITPOINT WARNING * * *
You feel sick.
* * * LOW HITPOINT WARNING * * *
You feel sick.
Things that are here:
a +2 dagger of venom; a kobold corpse
* * * LOW HITPOINT WARNING * * *
You feel sick.
You see here 4 javelins.
Things that are here:
a +2 dagger of venom; a kobold corpse
* * * LOW HITPOINT WARNING * * *
You feel sick.
You see here 4 javelins.
* * * LOW HITPOINT WARNING * * *
You feel sick.
Things that are here:
a +2 dagger of venom; a kobold corpse You see here 4 javelins.
Unknown command.
You die...

#...#######.##.#.#
.#..# #.##.#.# ....#
#......# ...####
####.########
......#####..........^#
...##.......##.#.####.#
...##..†....##........#
.#>.).......##.#.#.#..#
.#.##.......##.#@#.#..#
.#.##...........(.....#
......########.##.##.##
.###### #.##.##.# ..
#.......# # ####.####
#####.# ...#.# ####.#.#


There were no monsters in sight!

Vanquished Creatures
  3 bats (D:1)
  3 goblins (D:1)
  2 hobgoblins (D:1)
  2 kobolds (D:1)
  A frilled lizard (D:1)
  3 rats (D:1)
14 creatures vanquished.

Notes
Turn   | Place    | Note
-------+----------+-------------------------------------------
     0 | D:1      | Flugkiller the Draconian Arcane Marksman began the quest
                  | for the Orb.
     0 | D:1      | Reached XP level 1. HP: 16/16 MP: 2/2
   447 | D:1      | Reached XP level 2. HP: 22/23 MP: 3/3
   837 | D:1      | HP: 1/23 [poisoned by a kobold]
   839 | D:1      | Succumbed to a kobold's poison

Illustrated notes

Levels and vault maps discovered:
D:1:      dpeg_arrival_round_a, layout_loops_cross

Skill      XL: |  1 |
---------------+----+-----
Throwing       | 2 |  2.8
Fighting       | |  1.1
Dodging        | |  1.7
Spellcasting   | |  1.0
Hexes          | |  2.6

Action                   || total
-------------------------++-------
Melee: Unarmed           ||    30
       Club              ||    37
       Tailslap          ||     4
Throw: Javelin           ||     4
  Use: Potion            ||     1
 Stab: Sleeping          ||     1
Armor: Skin              ||    32
Dodge: Dodged            ||    58

Table legend: (Time is in decaauts)
 A = Elapsed time spent in this place.
 B = Non-inter-level travel time spent in this place.
 C = Inter-level travel time spent in this place.
 D = Time resting spent in this place.
 E = Time spent auto-exploring this place.
 F = Levels seen in this place.
 G = Mean time per level.
                   A        B        C        D        E       F      G
               +--------+--------+--------+--------+--------+-----+--------+
         Total |    850 |    850 |      0 |    209 |    377 |   1 |  850.0 |
       Dungeon |    850 |    850 |      0 |    209 |    377 |   1 |  850.0 |
               +--------+--------+--------+--------+--------+-----+--------+

Top non-repeatable levels by time:
     D:1: 850 daAuts
